 Dungeon Sprint DCSS version 0.21-a0-216-g6d3fd91 (webtiles) character file.

81 Kidiri the Thaumaturge (level 4, -5/24 HPs)
             Began as a Deep Elf Fire Elementalist on Aug 23, 2017.
             Killed from afar by a wizard (28 damage)
             ... with a crystal spear
             ... in the Dungeon (Sprint III: "The Ten Rune Challenge").
             The game lasted 00:02:43 (461 turns).

Kidiri the Thaumaturge (Deep Elf Fire Elementalist)  Turns: 461, Time: 00:02:48

Health: -5/24      AC:  4    Str:  5    XL:     4   Next: 19%
Magic:  12/16      EV: 13    Int: 21    God:
Gold:   13         SH:  0    Dex: 17    Spells: 6/19 levels left

rFire    . . .     SeeInvis .   (no weapon)
rCold    . . .     Gourm    .   (no shield)
rNeg     . . .     Faith    .   a - +0 robe
rPois    .         Spirit   .   (no helmet)
rElec    .         Reflect  .   (no cloak)
rCorr    .         Harm     .   (no gloves)
MR       .....     NoTele   +   (no boots)
Stlth    ++........             (no amulet)
HPRegen  0.08/turn              (no ring)
MPRegen  0.15/turn              (no ring)

@: lethally poisoned (-5 -> -14)
A: claws 1, hooves 1, icy blue scales 1, agile 1
a: no special abilities


You were in the Dungeon.
You were not hungry.

You visited 1 branch You collected 13 gold pieces.

Inventory:

Armour
 a - a +0 robe (worn)
Scrolls
 i - a scroll of blinking
 l - a scroll of torment
 m - a scroll of identify
 n - 3 scrolls of remove curse
 r - a scroll of immolation
Potions
 d - a potion of curing
 e - a potion of heal wounds
 f - 2 potions of haste
 g - a potion of magic
 h - a potion of berserk rage
 p - a potion of cancellation
 q - 3 potions of flight
Books
 b - a book of Flames

   Spells                             Type                      Level
   a - Flame Tongue                   Conjuration/Fire             1
   b - Throw Flame                    Conjuration/Fire             2
   c - Conjure Flame                  Conjuration/Fire             3
   d - Inner Flame                    Hexes/Fire                   3
   e - Sticky Flame                   Conjuration/Fire             4
   f - Fireball                       Conjuration/Fire             5
Comestibles
 c - 2 bread rations
 o - a meat ration


   Skills:
 - Level 2.4 Dodging
 - Level 2.4 Stealth
 * Level 8.2 Spellcasting
 + Level 4.6 Conjurations
 + Level 5.4 Fire Magic


You had 6 spell levels left.
You knew the following spells:

 Your Spells              Type           Power        Failure   Level  Hunger
a - Flame Tongue          Conj/Fire      ####.        1%          1    None
b - Throw Flame           Conj/Fire      ####..       1%          2    None
c - Conjure Flame         Conj/Fire      ####....     3%          3    None
d - Inner Flame           Hex/Fire       ###.....     8%          3    None
e - Sticky Flame          Conj/Fire      ####....     10%         4    ###....


Dungeon Overview and Level Annotations

Branches:
Dungeon (1/1)

Altars:
Kikubaaqudgha
Sif Muna
Vehumet


Innate Abilities, Weirdness & Mutations

You have sharp fingernails.
You have large cloven feet.
You are partially covered in icy blue scales. (AC +2)
You are agile. (Dex +2)


Message History

A kobold demonologist and a wizard come into view.
The wizard is wielding a dagger of venom.
The wizard shouts!
The kobold demonologist shouts!
The wizard hits you but does no damage.
You are poisoned.
Found a leatherbound book and a paperback book.
Found a deep blue altar of Sif Muna and an ancient bone altar of Kikubaaqudgha.
There is an open door here.
Casting: Flame Tongue
Confirm with . or Enter, or press ? or * to list all spells.
Aiming: Sticky Flame
Press: ? - help, Shift-Dir - straight line, f - wizard
Aim: a wizard, wielding a dagger of venom and wearing a robe The sticky flame hits the wizard.
The wizard is lightly wounded.
The wizard is covered in liquid flames!
You feel sick.
The wizard burns!
The wizard gestures at you while chanting.
The crystal spear hits you!
Ouch! That really hurt!
You die...

.#......#####..#
##.......#..#..#
.##.##...#..#..###+#+###+
.##.###..##+#..#.........
####.##..###...'.⌠.......
##..##..####...#...######
....##..###....#.⌠.#
#..##...##.....#...#
÷.##....#......#@###
.###..##.#.....#Kp:# .#
#..#####....#___# ▓▓ ▓▓▓▓
▓▓▓▓▓▓▓▓▓▓


You could see a wizard (burning) and a kobold demonologist.

Vanquished Creatures
  A water elemental (D)
  A human (D)
  A phantom (D)
  4 rats (D)
7 creatures vanquished.

Vanquished Creatures (others)
  2 draconian scorchers (D)
  2 yaktaurs (D)
  6 hellions (D)
  A plant (D)
11 creatures vanquished.

Grand Total: 18 creatures vanquished

Notes
Turn   | Place    | Note
-------+----------+-------------------------------------------
     0 | D        | Kidiri the Deep Elf Fire Elementalist began the quest for the Orb.
     0 | D        | Reached XP level 1. HP: 10/10 MP: 6/6
    21 | D        | Killed a yaktaur
    65 | D        | Reached skill level 4 in Spellcasting
    92 | D        | Reached skill level 5 in Spellcasting
    92 | D        | Reached XP level 2. HP: 8/15 MP: 5/10
    96 | D        | Learned a level 2 spell: Throw Flame
   105 | D        | Killed a hellion
   105 | D        | Killed a hellion
   115 | D        | Killed a yaktaur
   116 | D        | Killed a hellion
   121 | D        | Killed a hellion
   122 | D        | Killed a hellion
   215 | D        | Killed a hellion
   222 | D        | Reached skill level 6 in Spellcasting
   240 | D        | Gained mutation: You have sharp toenails. [potion of mutation]
   240 | D        | Gained mutation: Scrolls take you a little longer to read. [potion of mutation]
   240 | D        | Gained mutation: You evolve. [potion of mutation]
   241 | D        | Lost mutation: Scrolls take you a little longer to read. [potion of mutation]
   241 | D        | Lost mutation: You evolve. [potion of mutation]
   241 | D        | Lost mutation: You have sharp toenails. [potion of mutation]
   241 | D        | Gained mutation: Your body sometimes deteriorates upon taking damage. [potion of mutation]
   241 | D        | Gained mutation: Scrolls take you a little longer to read. [potion of mutation]
   241 | D        | Gained mutation: You possess an exceptional clarity of mind. [potion of mutation]
   241 | D        | Gained mutation: You have sharp fingernails. [potion of mutation]
   242 | D        | Lost mutation: You possess an exceptional clarity of mind. [potion of mutation]
   242 | D        | Lost mutation: Your body sometimes deteriorates upon taking damage. [potion of mutation]
   242 | D        | Lost mutation: Scrolls take you a little longer to read. [potion of mutation]
   242 | D        | Gained mutation: Scrolls take you a little longer to read. [potion of mutation]
   242 | D        | Gained mutation: You are agile. (Dex +2) [potion of mutation]
   243 | D        | Lost mutation: Scrolls take you a little longer to read. [potion of mutation]
   243 | D        | Gained mutation: You are partially covered in icy blue scales. (AC +2) [potion of mutation]
   243 | D        | Gained mutation: You have large cloven feet. [potion of mutation]
   254 | D        | Noticed a water elemental
   260 | D        | Killed a water elemental
   260 | D        | Reached skill level 8 in Spellcasting
   260 | D        | Reached skill level 5 in Fire Magic
   260 | D        | Reached XP level 3. HP: 6/19 MP: 7/14
   260 | D        | Reached XP level 4. HP: 8/24 MP: 8/16
   265 | D        | Learned a level 3 spell: Conjure Flame
   269 | D        | Learned a level 3 spell: Inner Flame
   274 | D        | Learned a level 4 spell: Sticky Flame
   299 | D        | Killed a white draconian scorcher
   311 | D        | Killed a white draconian scorcher
   459 | D        | Found a radiant altar of Vehumet.
   460 | D        | Found a deep blue altar of Sif Muna.
   460 | D        | Found an ancient bone altar of Kikubaaqudgha.
   460 | D        | Noticed a wizard
   461 | D        | Killed from afar by a wizard

Vault maps used:
D:        dungeon_sprint_mu

Skill      XL: |  1  2 |
---------------+-------+-----
Spellcasting   | 5 8 |  8.2
Conjurations   | 3 4 |  4.6
Fire Magic     | 4 5 |  5.4
Dodging        | |  2.4
Stealth        | |  2.4

Action                   |  1- 3 |  4- 6 || total
-------------------------+-------+-------++-------
 Cast: Flame Tongue      |    19 |     1 ||    20
       Sticky Flame      |       |     1 ||     1
  Use: Potion            |     5 |       ||     5
       Scroll            |     4 |       ||     4
Armor: Robe              |       |     1 ||     1
Dodge: Dodged            |     7 |       ||     7

Table legend:
 A = Spawn XP
 B = Non-spawn XP
 C = Spawn XP percentage of total XP
 D = Spawn monster count
 E = Non-spawn monster count
 F = Spawn count percentage of total count
 G = Total turns spent on level
                    A         B        C        D         E        F      G
               +---------+---------+-------+---------+---------+-------+---------
         Total |       0 |     116 |   0.0 |       0 |       7 |   0.0 |   461
               +---------+---------+-------+---------+---------+-------+---------
             D |       0 |     116 |   0.0 |       0 |       7 |   0.0 |   461
               +---------+---------+-------+---------+---------+-------+---------
